[Event "Titled Tuesday Blitz February 28 Early 2023"]
[White "Gutierrez Espinosa, Karen"]
[Black "Abdilkhair, Abilmansur"]
[WhiteFideId "3513238"]
[BlackFideId "13716417"]
[WhiteElo "2017"]
[BlackElo "2216"]
[Result "0-1"]
[Round "07"]
[TimeControl "180+2"]
[Date "2023.02.28"]
[WhiteClock "0:00:01"]
[BlackClock "0:00:02"]

1. e4 e5 2. Nf3 Nc6 3. Bb5 a6 4. Ba4 Nf6 5. Qe2 b5 6. Bb3 Be7 7. O-O d6 8. c3 O-O 9. h3 Bb7 10. Rd1 Na5 11. Bc2 Re8 12. d4 exd4 13. cxd4 Bf8 14. e5 Qc8 15. Bg5 Nd7 16. Qd3 g6 17. Nc3 dxe5 18. dxe5 Nxe5 19. Nxe5 Rxe5 20. Bf6 Re6 21. Bh4 Bg7 22. b3 b4 23. Nd5 Bxd5 24. Qxd5 Nc6 25. Rac1 Ne7 26. Qd7 Nf5 27. Bxf5 gxf5 28. Rxc7 Qxd7 29. Rdxd7 Rf8 30. f3 Re2 31. Rb7 a5 32. Be7 Rxa2 33. Bxf8 Bxf8 34. Rxf7 Bc5+ 35. Kh2 Bd6+ 36. Kg1 Bc5+ 37. Kf1 Rf2+ 38. Ke1 Rxg2 39. Rxf5 Rg1+ 40. Ke2 Bf8 41. Rxa5 Rg2+ 42. Ke3 Rg6 43. Raa7 Re6+ 44. Kf4 Rf6+ 45. Ke5 Rg6 46. f4 Bd6+ 47. Kf5 Bf8 0-1


[Site "https://www.chess.com"]

[Event "Titled Tuesday Blitz February 28 Early 2023"]
[White "Mazurkiewicz, Michal"]
[Black "Buscar, Michael"]
[WhiteFideId "1124943"]
[BlackFideId "2603616"]
[WhiteElo "2054"]
[BlackElo "2010"]
[Result "1-0"]
[Round "07"]
[TimeControl "180+2"]
[Date "2023.02.28"]
[WhiteClock "0:00:23"]
[BlackClock "0:00:09"]

1. e4 c5 2. Nf3 Nc6 3. g3 Nf6 4. d3 g6 5. Bg2 Bg7 6. O-O O-O 7. Re1 d6 8. e5 Ne8 9. exd6 Nxd6 10. Nc3 Nd4 11. h3 Bd7 12. Bg5 Re8 13. Bf4 Bc6 14. Nxd4 cxd4 15. Bxc6 bxc6 16. Na4 e5 17. Bd2 e4 18. dxe4 Nxe4 19. Bf4 c5 20. Qd3 Qd5 21. Re2 c4 22. Qf3 d3 23. cxd3 cxd3 24. Re3 Rad8 25. Rd1 Qxa2 26. Rxe4 Bxb2 27. Nxb2 Qxb2 28. Rxd3 Qb1+ 29. Kg2 Qxd3 30. Rxe8+ Kg7 31. Be5+ Kh6 32. Qf4+ g5 33. Qf6+ Kh5 34. g4+ Kh4 35. Bg3+ 1-0


[Site "https://www.chess.com"]

[Event "Titled Tuesday Blitz February 28 Early 2023"]
[White "Chernomordik, Pavel"]
[Black "Chemin, Justo Reinaldo"]
[WhiteFideId "2804530"]
[BlackFideId "2101580"]
[WhiteElo "2193"]
[BlackElo "1940"]
[Result "1-0"]
[Round "07"]
[TimeControl "180+2"]
[Date "2023.02.28"]
[WhiteClock "0:00:34"]
[BlackClock "0:00:01"]

1. e4 e6 2. Nc3 d5 3. d4 Bb4 4. Ne2 dxe4 5. a3 Be7 6. Nxe4 Nf6 7. Qd3 b6 8. Nxf6+ Bxf6 9. Qg3 Bb7 10. Bf4 c5 11. O-O-O cxd4 12. Be5 Nc6 13. Bd6 e5 14. Bb4 Nxb4 15. axb4 O-O 16. f4 e4 17. Nxd4 Bxd4 18. c3 Rc8 19. Kb1 f5 20. Rxd4 Qe7 21. Bc4+ Kh8 22. Rhd1 Rfd8 23. Qe3 a6 24. h3 b5 25. Bb3 h6 26. g4 fxg4 27. hxg4 Rxd4 28. Qxd4 e3 29. Re1 e2 30. g5 Qe4+ 31. Qxe4 Bxe4+ 32. Kc1 Bf3 33. Kd2 Rd8+ 34. Ke3 Rd1 35. Kf2 Bh5 36. Be6 hxg5 37. fxg5 g6 38. Bc8 Rd2 39. Bxa6 Rxb2 40. Bxb5 Rb3 41. Rc1 Rb2 42. Ke1 Ra2 43. Bd3 Kg7 44. b5 Bf3 45. c4 Ra8 46. Kf2 Bg4 47. Bxe2 Rf8+ 48. Ke1 Bc8 49. c5 Re8 50. Kd2 Re5 51. b6 Rxg5 52. c6 Rd5+ 53. Ke3 Re5+ 54. Kf2 Rf5+ 55. Ke3 Re5+ 56. Kd2 Rd5+ 57. Ke1 Re5 58. b7 1-0


[Site "https://www.chess.com"]

[Event "Titled Tuesday Blitz February 28 Early 2023"]
[White "Burke, John F"]
[Black "Caspi, Israel"]
[WhiteFideId "2052970"]
[BlackFideId "2807394"]
[WhiteElo "2238"]
[BlackElo "2419"]
[Result "0-1"]
[Round "07"]
[TimeControl "180+2"]
[Date "2023.02.28"]
[WhiteClock "0:00:16"]
[BlackClock "0:00:45"]

1. d4 Nf6 2. c4 g6 3. Nc3 d5 4. Nf3 Bg7 5. Bf4 O-O 6. Rc1 c5 7. dxc5 dxc4 8. Qxd8 Rxd8 9. e3 Na6 10. c6 bxc6 11. Bxc4 Nc5 12. Ke2 Nfe4 13. Rhd1 Nxc3+ 14. bxc3 Be6 15. Bxe6 Nxe6 16. Be5 f6 17. Bg3 Kf7 18. Nd4 c5 19. Nc6 Rdc8 20. Na5 Ke8 21. Rb1 f5 22. Rb7 Nd8 23. Rbd7 Bxc3 24. Nc4 Nc6 25. Rb7 Bf6 26. Rdb1 Nb4 27. a3 Nd5 28. h4 Nc3+ 29. Kd3 Nxb1 30. Rxb1 Rd8+ 31. Kc2 Rd7 32. Rb5 Rc8 33. Na5 c4 34. Rb4 c3 35. Nb3 h5 36. Nd4 Bxd4 37. exd4 a5 38. Rb3 Rxd4 39. Rxc3 Rxc3+ 40. Kxc3 Rg4 41. Bc7 Rxg2 42. Bxa5 Rxf2 43. Bb6 Rf4 44. Bd4 Rxh4 45. a4 Kd7 46. a5 Kc6 47. a6 Rh3+ 48. Kc4 Ra3 49. a7 Kb7 50. Kd5 Rd3 0-1


[Site "https://www.chess.com"]

[Event "Titled Tuesday Blitz February 28 Early 2023"]
[White "Berezin, Viktor"]
[Black "Coelho, Ramyres Santana"]
[WhiteFideId "14107872"]
[BlackFideId "2120690"]
[WhiteElo "2310"]
[BlackElo "1888"]
[Result "0-1"]
[Round "07"]
[TimeControl "180+2"]
[Date "2023.02.28"]
[WhiteClock "0:00:05"]
[BlackClock "0:01:15"]

1. d4 c5 2. d5 d6 3. Nc3 Nf6 4. e4 g6 5. Bb5+ Bd7 6. a4 a6 7. Bxd7+ Nbxd7 8. Nf3 Bg7 9. O-O Ne5 10. Nd2 O-O 11. h3 h5 12. f4 Ned7 13. Nc4 Qc7 14. a5 Rfe8 15. Re1 Nh7 16. Be3 f6 17. f5 gxf5 18. exf5 h4 19. Qg4 Kh8 20. Qxh4 Rg8 21. Kh1 Ne5 22. Nxe5 fxe5 23. Ne4 Raf8 24. Rf1 Bf6 25. Nxf6 exf6 26. Qe4 Rf7 27. Rf2 Rfg7 28. g4 Qf7 29. Rg1 Ng5 30. Bxg5 Rxg5 31. Rh2 Qh5 32. Qe3 Qh4 33. Qg3 Qh7 34. Qf3 Qh4 35. Qg3 Qh7 36. Kg2 Rxf5 37. Kh1 Rf4 38. Re2 Qf7 39. Kh2 Qxd5 40. Rf2 Rxf2+ 41. Qxf2 Qe6 42. Qh4+ Kg7 43. Rf1 e4 44. g5 Qe5+ 45. Kh1 Qxg5 46. Qg3 Qxg3 47. Rg1 Qxg1+ 0-1


[Site "https://www.chess.com"]

[Event "Titled Tuesday Blitz February 28 Early 2023"]
[White "Cella, Glaucio Dalla Cortt"]
[Black "Estrada Nieto, Julian"]
[WhiteFideId "2119455"]
[BlackFideId "5101018"]
[WhiteElo "2011"]
[BlackElo "2176"]
[Result "1-0"]
[Round "07"]
[TimeControl "180+2"]
[Date "2023.02.28"]
[WhiteClock "0:00:13"]
[BlackClock "0:01:09"]

1. e4 e5 2. Nf3 Nc6 3. d4 exd4 4. Bc4 Bc5 5. c3 d6 6. cxd4 Bb6 7. O-O Nf6 8. d5 Ne5 9. Nxe5 dxe5 10. Qf3 O-O 11. h3 Ne8 12. Be3 Nd6 13. Bb3 Qh4 14. Bxb6 axb6 15. Nc3 Bd7 16. Qg3 Qxg3 17. fxg3 f6 18. a4 Kf7 19. Rac1 Ke7 20. g4 Ra5 21. Rfe1 b5 22. Nxb5 Bxb5 23. axb5 Nxb5 24. Rc5 b6 25. Rc6 Nd4 26. Rxc7+ Kd6 27. Rc3 Rb5 28. Ree3 Ra8 29. Kh2 Ra1 30. h4 Rb1 31. g5 Rxb2 32. gxf6 gxf6 33. Bd1 Rd2 34. Bg4 Rbb2 35. Rg3 Rbc2 36. Rxc2 Rxc2 37. Bh3 b5 38. Rg7 b4 39. Rd7+ Kc5 40. Rxh7 b3 41. Rc7+ Kb4 42. Rb7+ Kc3 43. d6 Rd2 44. d7 Nc6 45. Rc7 b2 46. Rxc6+ Kb3 47. Rb6+ Kc2 48. Kg3 b1=Q 49. Rxb1 Kxb1 50. Be6 Kc2 51. Kg4 Kc3 52. Kf5 Kb4 53. Kxf6 Kc5 54. Ke7 Kc6 55. d8=Q Rxd8 56. Kxd8 Kd6 57. Bf5 Kc5 58. Ke7 Kd4 59. Kf6 Ke3 60. Kxe5 1-0


[Site "https://www.chess.com"]

[Event "Titled Tuesday Blitz February 28 Early 2023"]
[White "Vaglio Munoz, Jaime"]
[Black "Thorhallsson, Simon"]
[WhiteFideId "6500145"]
[BlackFideId "2310090"]
[WhiteElo "2199"]
[BlackElo "2108"]
[Result "0-1"]
[Round "07"]
[TimeControl "180+2"]
[Date "2023.02.28"]
[WhiteClock "0:01:07"]
[BlackClock "0:01:45"]

1. Nf3 c5 2. b3 g6 3. Bb2 f6 4. g3 d5 5. Bg2 Nc6 6. O-O e5 7. d3 Bg7 8. e4 Nge7 9. exd5 Nxd5 10. Nc3 Be6 11. Re1 O-O 12. a3 Qd7 13. Na4 b6 14. Qd2 Rad8 15. Rad1 Rfe8 16. Qc1 Nd4 17. Bxd4 cxd4 18. Nb2 Nc3 19. Rd2 b5 20. Qa1 Bh6 21. a4 Bxd2 22. Nxd2 a6 23. axb5 axb5 24. Qa6 Kg7 25. Ne4 Nxe4 26. Bxe4 Bd5 27. Nd1 Bxe4 28. Rxe4 Ra8 29. Qb6 Reb8 30. Qc5 Rc8 31. Qb4 Rxc2 32. Kg2 Ra1 33. Re1 Rcc1 34. Qd2 Qd5+ 35. Kh3 Qf3 36. Ne3 dxe3 37. Rxe3 Qh5+ 38. Kg2 Rg1# 0-1


[Site "https://www.chess.com"]

[Event "Titled Tuesday Blitz February 28 Early 2023"]
[White "Khamdamova, Afruza"]
[Black "Van Dael, Siem"]
[WhiteFideId "14210444"]
[BlackFideId "1049771"]
[WhiteElo "2210"]
[BlackElo "2336"]
[Result "0-1"]
[Round "07"]
[TimeControl "180+2"]
[Date "2023.02.28"]
[WhiteClock "0:00:33"]
[BlackClock "0:00:05"]

1. e4 c5 2. Nf3 d6 3. d4 cxd4 4. Nxd4 Nf6 5. Nc3 g6 6. Be3 Bg7 7. f3 O-O 8. Qd2 Nc6 9. Bc4 Bd7 10. O-O-O Rc8 11. Bb3 Ne5 12. Bh6 Nc4 13. Bxc4 Rxc4 14. Bxg7 Kxg7 15. h4 h5 16. g4 hxg4 17. h5 Rh8 18. hxg6 fxg6 19. f4 e5 20. Nde2 Bc6 21. fxe5 Nxe4 22. Nxe4 Bxe4 23. Rxh8 Qxh8 24. Nd4 dxe5 25. Ne6+ Kf6 26. c3 Kxe6 27. Qd7+ Kf6 28. Rd6+ Kg5 29. Qe7+ Kf4 30. Rf6+ Bf5 31. Qd6 Qh1+ 32. Kd2 Qg2+ 33. Ke1 Qg1+ 34. Kd2 Qe3+ 35. Kd1 Qf3+ 36. Kc1 Qf1+ 37. Kd2 Qf2+ 38. Kd1 Qc2+ 39. Ke1 Re4+ 0-1


[Site "https://www.chess.com"]

[Event "Titled Tuesday Blitz February 28 Early 2023"]
[White "Valle Maytin, Luis Enrique"]
[Black "Ljukin, Sergei"]
[WhiteFideId "3503666"]
[BlackFideId "14102200"]
[WhiteElo "2225"]
[BlackElo "2312"]
[Result "0-1"]
[Round "07"]
[TimeControl "180+2"]
[Date "2023.02.28"]
[WhiteClock "0:00:59"]
[BlackClock "0:01:02"]

1. e4 e6 2. d4 d5 3. exd5 exd5 4. Nf3 Nf6 5. Bd3 c5 6. Qe2+ Be7 7. Bb5+ Nc6 8. O-O O-O 9. Bxc6 bxc6 10. Ne5 Qc7 11. c3 Re8 12. Bf4 Bd6 13. Qc2 Ng4 14. Nxg4 Bxf4 15. Ne3 Bxh2+ 16. Kh1 Bf4 17. Nd2 Qd6 18. Nf3 Qh6+ 19. Kg1 Rxe3 20. fxe3 Bxe3+ 21. Rf2 Bg4 22. Re1 Bxf3 23. gxf3 cxd4 24. cxd4 Bxd4 25. Kf1 Bxf2 26. Qxf2 Qf6 27. Rc1 g6 28. Rc3 d4 29. Rc4 Rd8 30. Ke2 d3+ 31. Kd2 Qxb2+ 32. Ke3 Qxf2+ 33. Kxf2 d2 0-1


[Site "https://www.chess.com"]

[Event "Titled Tuesday Blitz February 28 Early 2023"]
[White "Ibadov, Dashgyn"]
[Black "Jenkins, Drake"]
[WhiteFideId "24107514"]
[BlackFideId "2022397"]
[WhiteElo "2208"]
[BlackElo "2358"]
[Result "1-0"]
[Round "07"]
[TimeControl "180+2"]
[Date "2023.02.28"]
[WhiteClock "0:00:30"]
[BlackClock "0:00:09"]

1. e4 c6 2. d4 d5 3. Nc3 dxe4 4. Nxe4 Nf6 5. Nxf6+ exf6 6. c3 Bd6 7. Bd3 O-O 8. Qc2 Re8+ 9. Ne2 h5 10. O-O Nd7 11. Bd2 Nf8 12. Rae1 Be6 13. Nf4 h4 14. h3 Qc7 15. Nxe6 Rxe6 16. Bf5 Bh2+ 17. Kh1 Ree8 18. Re4 g6 19. Rxh4 gxf5 20. Qxf5 Ng6 21. Rg4 Re2 22. Be3 Kg7 23. g3 Rxe3 24. fxe3 Bxg3 25. Qxf6+ Kg8 26. Rxg6+ fxg6 27. Qxg6+ Qg7 28. Qxg7+ Kxg7 29. Rg1 Kf6 30. Rxg3 a5 31. Kg2 a4 32. Kf3 a3 33. b3 b6 34. e4 c5 35. h4 cxd4 36. cxd4 Rc8 37. e5+ Kf7 38. Rg2 Rc1 39. Ke4 Rb1 40. Kd3 b5 41. d5 Rd1+ 42. Ke4 Rb1 43. e6+ 1-0


[Site "https://www.chess.com"]

[Event "Titled Tuesday Blitz February 28 Early 2023"]
[White "Martic, Ivan"]
[Black "Ansh M Shah"]
[WhiteFideId "929301"]
[BlackFideId "25033379"]
[WhiteElo "2360"]
[BlackElo "2084"]
[Result "1-0"]
[Round "07"]
[TimeControl "180+2"]
[Date "2023.02.28"]
[WhiteClock "0:01:50"]
[BlackClock "0:00:13"]

1. e4 c6 2. d4 d5 3. Nd2 dxe4 4. Nxe4 Bf5 5. Ng3 Bg6 6. Nh3 Nf6 7. Nf4 e6 8. h4 e5 9. dxe5 Qxd1+ 10. Kxd1 Ng4 11. Nxg6 hxg6 12. Ne4 Nxe5 13. Bf4 Nbd7 14. c3 O-O-O 15. Kc2 Re8 16. Re1 f5 17. Ng5 Bc5 18. f3 Bf2 19. Re2 Bxh4 20. g3 Bxg5 21. Rxh8 Rxh8 22. Bxg5 Nxf3 23. Bf4 Rh2 24. Bg2 Ng1 25. Re8# 1-0


[Site "https://www.chess.com"]

[Event "Titled Tuesday Blitz February 28 Early 2023"]
[White "Matveeva, Olga"]
[Black "Belov, Alexei"]
[WhiteFideId "24107018"]
[BlackFideId "4128206"]
[WhiteElo "2056"]
[BlackElo "2490"]
[Result "0-1"]
[Round "07"]
[TimeControl "180+2"]
[Date "2023.02.28"]
[WhiteClock "0:00:37"]
[BlackClock "0:01:46"]

1. d4 e6 2. c4 d5 3. Nf3 Nf6 4. g3 Be7 5. Bg2 O-O 6. O-O dxc4 7. Qc2 a6 8. a4 Bd7 9. Qxc4 Bc6 10. Bf4 Nbd7 11. Nc3 Nb6 12. Qd3 Nbd5 13. Bg5 Nxc3 14. bxc3 b5 15. Bxf6 Bxf6 16. Ng5 Bxg5 17. Bxc6 Rb8 18. axb5 axb5 19. Bxb5 Qd6 20. Ra6 Rb6 21. Rxb6 Qxb6 22. Rb1 Rb8 23. Qe4 Qa5 24. Bd3 Rxb1+ 25. Bxb1 g6 26. Qc2 c5 27. h4 Bf6 28. e3 h5 29. Qb3 cxd4 30. exd4 Kg7 31. Be4 Qa1+ 32. Kg2 Qe1 33. Qc4 Qxe4+ 34. Kg1 e5 0-1


[Site "https://www.chess.com"]

[Event "Titled Tuesday Blitz February 28 Early 2023"]
[White "Kostiukov, Alexandr"]
[Black "Baches Garcia, Guillermo"]
[WhiteFideId "14108100"]
[BlackFideId "2209764"]
[WhiteElo "2202"]
[BlackElo "2488"]
[Result "0-1"]
[Round "07"]
[TimeControl "180+2"]
[Date "2023.02.28"]
[WhiteClock "0:00:01"]
[BlackClock "0:01:16"]

1. g3 d5 2. Bg2 e5 3. d3 g6 4. e4 Ne7 5. exd5 Nxd5 6. Nc3 Ne7 7. Nf3 Bg7 8. O-O O-O 9. Be3 Nbc6 10. Ne4 h6 11. c3 b6 12. d4 f5 13. Ned2 e4 14. Ne1 g5 15. f4 Nd5 16. Nc2 Ba6 17. Rf2 Bd3 18. Nf1 Na5 19. Ne1 Bxf1 0-1


[Site "https://www.chess.com"]

[Event "Titled Tuesday Blitz February 28 Early 2023"]
[White "Novikov, Evgenij"]
[Black "Sovetbekova, Nurai"]
[WhiteFideId "4125380"]
[BlackFideId "13801910"]
[WhiteElo "2242"]
[BlackElo "1857"]
[Result "1-0"]
[Round "07"]
[TimeControl "180+2"]
[Date "2023.02.28"]
[WhiteClock "0:00:26"]
[BlackClock "0:00:05"]

1. e4 c5 2. Nf3 d6 3. d4 cxd4 4. c3 Nf6 5. Qxd4 Nc6 6. Qe3 e6 7. Bd3 Be7 8. O-O O-O 9. Rd1 Qc7 10. b3 Ng4 11. Qe2 Nce5 12. Nxe5 Nxe5 13. Bc2 b6 14. Bb2 Bb7 15. Nd2 Rac8 16. Rac1 Rfd8 17. Bb1 Bf6 18. Nf1 Ng6 19. Ng3 d5 20. exd5 Bxd5 21. Be4 Bxe4 22. Nxe4 Be5 23. g3 Qc6 24. Ng5 Bc7 25. c4 h6 26. Nf3 Qb7 27. h4 Ne7 28. Ne5 Nf5 29. Qg4 f6 30. Ng6 Bd6 31. Nf4 Kh7 32. Nxe6 Ne7 33. Qxg7# 1-0


[Site "https://www.chess.com"]

[Event "Titled Tuesday Blitz February 28 Early 2023"]
[White "Balla, Tamas-Kristof"]
[Black "Ruiz Aguilar, Pablo Alexander"]
[WhiteFideId "1208497"]
[BlackFideId "4401352"]
[WhiteElo "2334"]
[BlackElo "2138"]
[Result "1-0"]
[Round "07"]
[TimeControl "180+2"]
[Date "2023.02.28"]
[WhiteClock "0:00:25"]
[BlackClock "0:00:01"]

1. e4 c5 2. Nf3 e6 3. c3 d5 4. exd5 Qxd5 5. d4 Nf6 6. Be3 cxd4 7. cxd4 Nc6 8. Nc3 Qd6 9. Bd3 Be7 10. O-O O-O 11. a3 b6 12. Qe2 Bb7 13. Rad1 Rac8 14. Bb1 Rfd8 15. Rfe1 g6 16. Bg5 Nd5 17. Ne4 Qc7 18. Bh6 Nf4 19. Qd2 Nd5 20. h4 Bf8 21. h5 f5 22. Nc3 Bxh6 23. Qxh6 Qg7 24. Qxg7+ Kxg7 25. Rxe6 Nxc3 26. bxc3 Re8 27. Rde1 Rxe6 28. Rxe6 Rc7 29. hxg6 hxg6 30. Nh4 Ne7 31. c4 g5 32. Nxf5+ Nxf5 33. Bxf5 Bc8 34. Rg6+ Kf7 35. Bd3 g4 36. Rh6 Re7 37. Rh7+ Kf6 38. Rxe7 Kxe7 39. Kf1 Kf6 40. Ke2 Kg5 41. Ke3 Bb7 42. f3 gxf3 43. gxf3 Kf6 44. Be4 Bc8 45. c5 bxc5 46. dxc5 Ke5 47. Kd3 Be6 48. Kc3 Bf7 49. Kb4 Ke6 50. Ka5 Kd7 51. Ka6 Kc7 52. Kxa7 Bc4 53. a4 Bb3 54. a5 Bc4 55. f4 Bb5 56. f5 Bc4 57. f6 Bf7 58. Ka6 Bc4+ 59. Ka7 Bf7 60. Bf3 Kc8 61. Kb6 1-0


[Site "https://www.chess.com"]

[Event "Titled Tuesday Blitz February 28 Early 2023"]
[White "Womacka, Mathias"]
[Black "Bulatova, Kamaliya"]
[WhiteFideId "4611390"]
[BlackFideId "34111546"]
[WhiteElo "2377"]
[BlackElo "2039"]
[Result "1-0"]
[Round "07"]
[TimeControl "180+2"]
[Date "2023.02.28"]
[WhiteClock "0:01:16"]
[BlackClock "0:01:25"]

1. e4 c5 2. Nf3 d6 3. d4 cxd4 4. Nxd4 Nf6 5. Nc3 a6 6. Be2 e5 7. Nb3 Be7 8. O-O O-O 9. Kh1 Be6 10. f4 b5 11. a4 b4 12. Nd5 Bxd5 13. exd5 Nbd7 14. a5 Rc8 15. Bxa6 Ra8 16. Bb5 Nc5 17. Nxc5 dxc5 18. fxe5 Nxd5 19. Bc6 Nc7 20. Bxa8 Qxa8 21. Qd7 Bd8 22. Be3 Ne6 23. a6 Bc7 24. a7 Bxe5 25. Rxf7 Rxf7 26. Qxe6 Bb8 27. Rf1 Qxa7 28. Qe8+ 1-0


[Site "https://www.chess.com"]

[Event "Titled Tuesday Blitz February 28 Early 2023"]
[White "Sliwicki, Damian"]
[Black "Ramirez Allo, Eduardo"]
[WhiteFideId "1127128"]
[BlackFideId "2224178"]
[WhiteElo "1988"]
[BlackElo "2457"]
[Result "1-0"]
[Round "07"]
[TimeControl "180+2"]
[Date "2023.02.28"]
[WhiteClock "0:01:27"]
[BlackClock "0:01:09"]

1. e4 c5 2. Nf3 d6 3. d4 cxd4 4. Qxd4 Nc6 5. Bb5 Bd7 6. Bxc6 Bxc6 7. Nc3 Nf6 8. Bg5 e6 9. O-O-O Be7 10. Kb1 O-O 11. Qd2 Qc7 12. h4 b5 13. Bxf6 gxf6 14. Qh6 Rfc8 15. Rh3 Kh8 16. Ng5 fxg5 17. hxg5 Bxg5 18. Qxh7# 1-0


[Site "https://www.chess.com"]

[Event "Titled Tuesday Blitz February 28 Early 2023"]
[White "Rottenwohrer Suarez, Juan"]
[Black "Jiganchine, Roman"]
[WhiteFideId "32068182"]
[BlackFideId "2603667"]
[WhiteElo "2174"]
[BlackElo "2287"]
[Result "1/2-1/2"]
[Round "07"]
[TimeControl "180+2"]
[Date "2023.02.28"]
[WhiteClock "0:00:04"]
[BlackClock "0:00:04"]

1. e4 c6 2. d4 d5 3. exd5 cxd5 4. Nf3 Nc6 5. c4 Nf6 6. Nc3 Bg4 7. Be2 e6 8. h3 Bh5 9. c5 Be7 10. O-O O-O 11. Be3 Re8 12. a3 a5 13. Re1 Ne4 14. Qc2 Bg6 15. Bd3 Nxc3 16. Bxg6 Ne2+ 17. Rxe2 hxg6 18. b3 Bf6 19. Rb1 Qc7 20. b4 e5 21. Nxe5 Bxe5 22. dxe5 Qxe5 23. Ree1 axb4 24. axb4 d4 25. Bd2 Qd5 26. Rxe8+ Rxe8 27. b5 Ne5 28. Bf4 d3 29. Qc3 Nc4 30. Rd1 Qe4 31. Rxd3 Qxf4 32. Rd4 Re1+ 33. Qxe1 Qxd4 34. Qe8+ Kh7 35. Qxf7 Qxc5 36. Qxb7 Nd6 37. Qc6 Qxc6 38. bxc6 Nb5 39. f4 Kg8 40. Kf2 Kf7 41. Kg3 Ke6 42. Kg4 Nd6 43. Kg5 Kf7 44. c7 Ne4+ 45. Kg4 Nf6+ 46. Kg5 Ne4+ 47. Kg4 Nd6 48. Kg5 Ne4+ 1/2-1/2


[Site "https://www.chess.com"]

[Event "Titled Tuesday Blitz February 28 Early 2023"]
[White "Levitan, Caleb Levi"]
[Black "Buchenau, Frank"]
[WhiteFideId "14332620"]
[BlackFideId "4604350"]
[WhiteElo "1963"]
[BlackElo "2157"]
[Result "0-1"]
[Round "07"]
[TimeControl "180+2"]
[Date "2023.02.28"]
[WhiteClock "0:00:03"]
[BlackClock "0:00:06"]

1. d4 e6 2. Bf4 Nf6 3. e3 d5 4. Nd2 c5 5. c3 Nc6 6. Ngf3 Bd6 7. Bg3 O-O 8. Bd3 b6 9. e4 Be7 10. O-O cxd4 11. cxd4 Nb4 12. Bb1 Ba6 13. Re1 Nd3 14. Re3 Nxb2 15. Qc2 Nc4 16. Nxc4 Rc8 17. e5 Rxc4 18. Qd1 Ne4 19. Bd3 Qc8 20. Bxc4 Bxc4 21. Nd2 Nxd2 22. Qxd2 b5 23. f4 b4 24. Be1 a5 25. a3 Qc6 26. axb4 axb4 27. Qb2 b3 28. Rc1 Qa6 29. Ra1 Qb5 30. Rc3 Bd8 31. Rcc1 Bb6 32. Bc3 f6 33. h3 fxe5 34. fxe5 Rf4 35. Bd2 Bxd4+ 36. Qxd4 Rxd4 37. Ra8+ Kf7 38. Ra7+ Kg6 39. Be3 Re4 40. Bd2 b2 41. Rb1 Bd3 42. Re1 Rxe1+ 43. Bxe1 b1=Q 44. Kf2 Qc5+ 45. Kg3 Qxa7 46. Bd2 Qag1 47. Bf4 Qbf1 48. Kg4 Qfxg2+ 49. Kh4 Q1f2+ 50. Bg3 Qfxg3# 0-1


[Site "https://www.chess.com"]

[Event "Titled Tuesday Blitz February 28 Early 2023"]
[White "Lauridsen, Jesper Morch"]
[Black "Balint, Vilmos"]
[WhiteFideId "1401890"]
[BlackFideId "718050"]
[WhiteElo "2257"]
[BlackElo "2034"]
[Result "1/2-1/2"]
[Round "07"]
[TimeControl "180+2"]
[Date "2023.02.28"]
[WhiteClock "0:00:06"]
[BlackClock "0:01:03"]

1. e4 e6 2. c4 d5 3. cxd5 exd5 4. Qb3 dxe4 5. Bc4 Qe7 6. Nc3 c6 7. Nge2 b5 8. Nxb5 cxb5 9. Bxb5+ Bd7 10. Qd5 Bxb5 11. Qxa8 Qc7 12. Qxe4+ Be7 13. Nc3 Bc6 14. Qe2 Bxg2 15. Rg1 Bc6 16. d4 Nf6 17. Rxg7 Qxh2 18. Bg5 Qh1+ 19. Qf1 Qxf1+ 20. Kxf1 h6 21. Bh4 Nh5 22. Rg4 Bf3 23. Re1 Bxg4 24. Rxe7+ Kf8 25. Rxa7 Kg7 26. Ne4 Re8 27. Rxf7+ Kxf7 28. Nd6+ Kf8 29. Nxe8 Kxe8 30. a4 Nf4 31. Bg3 Bh3+ 32. Ke1 Ng2+ 33. Kd2 Nd7 34. a5 h5 35. a6 h4 36. a7 Nb6 37. Be5 Be6 38. Bf6 h3 39. Be5 Kd7 40. Bh2 Bd5 41. Kc3 Ne1 42. Kb4 Kc6 43. Ka5 Kb7 44. a8=Q+ Nxa8 45. f4 Nf3 46. Bg3 h2 47. Bxh2 Nxh2 48. f5 Ng4 49. Kb5 Nf6 50. Kc5 Kc7 51. b4 Nb6 52. b5 Nc4 53. Kb4 Kb6 54. Kc3 Kxb5 55. Kd3 Kc6 56. Ke2 Kd6 57. Kf2 Nb6 58. Kg3 Be4 59. Kf4 Kd5 60. Kg5 Nbd7 61. Kg6 Kxd4 62. Kf7 Ke5 63. Ke7 Kxf5 64. Kd6 Ne5 65. Kc5 Ke6 66. Kd4 Bd5 67. Ke3 Kf5 68. Kd4 Kf4 69. Kc5 Ke4 70. Kd6 Nfg4 71. Ke7 Nc4 72. Kf8 Ke5 73. Kg7 Kf5 74. Kh7 Kf6 75. Kh8 Nce5 76. Kh7 Ne3 77. Kh8 Nf5 78. Kh7 Be6 79. Kh8 Ng6+ 80. Kh7 Nf8+ 81. Kh8 Nd7 82. Kh7 Nd6 83. Kh6 Bg4 84. Kh7 Bh5 85. Kg8 Bf7+ 86. Kh7 Nf8+ 87. Kh8 Ng6+ 88. Kh7 Be6 89. Kh6 Nf5+ 90. Kh5 Nf4+ 91. Kg4 Ke5 92. Kg5 Nd4 93. Kh4 Nde2 94. Kg5 Bf5 95. Kh6 Kf6 1/2-1/2


[Site "https://www.chess.com"]

[Event "Titled Tuesday Blitz February 28 Early 2023"]
[White "Ardila, Oscar Humberto"]
[Black "Zhukova, Natalia"]
[WhiteFideId "4404742"]
[BlackFideId "14101513"]
[WhiteElo "1946"]
[BlackElo "2297"]
[Result "0-1"]
[Round "07"]
[TimeControl "180+2"]
[Date "2023.02.28"]
[WhiteClock "0:00:06"]
[BlackClock "0:00:09"]

1. d4 Nf6 2. c4 c5 3. dxc5 e6 4. Nf3 Bxc5 5. e3 O-O 6. Be2 d5 7. cxd5 exd5 8. O-O Nc6 9. Nc3 a6 10. Nd4 Re8 11. Nxc6 bxc6 12. Bf3 Bd6 13. Bd2 h5 14. h3 Qe7 15. Ne2 Ne4 16. Bxe4 Qxe4 17. Bc3 c5 18. Nf4 d4 19. Bd2 Bxf4 20. exf4 Bb7 21. f3 Qd5 22. Be1 c4 23. Bf2 Rad8 24. Re1 Rxe1+ 25. Qxe1 Qf5 26. Qe5 Qxe5 27. fxe5 c3 28. bxc3 dxc3 29. Be3 Bd5 30. Rc1 Rc8 31. a4 Bb3 32. a5 c2 33. Kf2 Kf8 34. f4 Ke7 35. Ke2 Ke6 36. Kf3 Bd5+ 37. Kf2 Kf5 38. g3 Rc3 39. Re1 Ra3 40. Rc1 Be4 41. Re1 Rxa5 42. Rg1 Ra4 43. g4+ hxg4 44. hxg4+ Ke6 45. Rc1 Kd5 46. Bd2 Kc4 47. Ke3 Kb3 48. f5 Rc4 49. e6 fxe6 50. fxe6 Bg6 51. e7 Re4+ 52. Kf3 Rxe7 53. Bg5 Rf7+ 54. Ke3 a5 55. Kd4 a4 56. Kc5 a3 57. Kb5 Rb7+ 58. Ka5 Rb8 59. Bf4 Ra8+ 60. Kb5 a2 61. Be5 Re8 62. Bd4 Rd8 63. Bxg7 Rd1 64. Bh6 Rxc1 65. Bxc1 a1=Q 66. g5 Qe5+ 0-1


[Site "https://www.chess.com"]

[Event "Titled Tuesday Blitz February 28 Early 2023"]
[White "Miszler, Levente"]
[Black "Ciuffoletti, Paolo"]
[WhiteFideId "763276"]
[BlackFideId "807630"]
[WhiteElo "2176"]
[BlackElo "2143"]
[Result "0-1"]
[Round "07"]
[TimeControl "180+2"]
[Date "2023.02.28"]
[WhiteClock "0:00:38"]
[BlackClock "0:00:14"]

1. Nf3 d5 2. c4 c6 3. g3 Nf6 4. Bg2 g6 5. O-O Bg7 6. b3 O-O 7. Bb2 Bf5 8. d4 a5 9. a4 Na6 10. e3 Nb4 11. Na3 Qd7 12. Nh4 Bh3 13. Nc2 Bxg2 14. Nxg2 dxc4 15. bxc4 Ne4 16. Nf4 c5 17. Nd3 Nxc2 18. Qxc2 cxd4 19. exd4 Bxd4 20. Ne5 Bxe5 21. Bxe5 Nd2 22. Rfd1 Nf3+ 23. Kf1 Qh3+ 24. Ke2 Nxe5 25. Qe4 Ng4 26. Rd4 Nf6 27. Qxb7 Qh5+ 28. Kf1 Qe5 29. Rad1 Rab8 30. Qa7 Rb2 31. Rd8 Qe2+ 32. Kg2 Rxd8 33. Rxd8+ Kg7 34. Qd4 Qe4+ 35. Qxe4 Nxe4 36. Kf3 Nxf2 37. Rd5 Nh3 38. Rxa5 f5 39. Ra7 Kf6 40. a5 e5 41. a6 e4+ 42. Ke3 Nf2 43. Rxh7 Ng4+ 44. Kd4 Ra2 45. c5 Rxa6 46. Rh8 Ra4+ 47. Kc3 Ra6 48. h3 Ne5 49. Kd4 Nc6+ 50. Kd5 Nb4+ 51. Kc4 Nd3 52. Re8 Rc6 53. g4 Rxc5+ 54. Kd4 Rc7 55. gxf5 gxf5 56. Ke3 Rd7 57. h4 Ne5 58. Kf4 Ng6+ 59. Ke3 Rd3+ 60. Ke2 Nxh4 61. Kf2 Kg5 62. Ke2 Kf4 63. Ra8 Nf3 64. Kf2 Nd4 65. Ra4 Rd2+ 66. Kf1 Kf3 67. Ra3+ e3 68. Ra1 e2+ 69. Ke1 Nc2+ 70. Kxd2 Nxa1 71. Ke1 Nc2+ 72. Kd2 e1=Q+ 0-1


[Site "https://www.chess.com"]